 Dungeon Crawl Stone Soup version 0.32-a0-361-g289a535e89 (webtiles) character file.

Game seed: 7146290595766318939

4252 ytrimaz the Cleaver (level 10, -4/67 HPs)
             Began as a Coglin Gladiator on Feb 19, 2024.
             Shot with an arrow by a centaur warrior (8 damage)
             ... while petrified by a basilisk
             ... on level 8 of the Dungeon.
             The game lasted 00:08:47 (6101 turns).

ytrimaz the Cleaver (Coglin Gladiator)              Turns: 6101, Time: 00:08:48

Health: -4/67      AC: 18    Str: 19    XL:     10   Next: 31%
Magic:  10/10      EV:  2    Int:  7    God:
Gold:   423        SH:  0    Dex: 22    Spells: 9/9 levels left

rFire   . . .        a - +1 war axe (freeze) {Ku-aya}
rCold   . . .        l - +1 hand axe (heavy) {Dagmar}
rNeg    + + +        b - +0 leather armour
rPois   ∞            c - +0 helmet
rElec   .            s - +1 cloak
rCorr   .            C - +2 pair of gloves
SInv    .            o - +2 pair of boots
Will    .....        (no amulet)
Stlth   ++           g - +6 ring of dexterity
HPRegen 0.31/turn    i - +4 ring of protection
MPRegen 0.12/turn

%: no passive effects
@: mighty, petrified, revved, stiff-legged, very slow
A: off-hand wielding, slow wielding, warmup strikes, warmup strides
a: no special abilities


You were on level 8 of the Dungeon.
You visited 2 branches of the dungeon, and saw 9 of its levels.
You also visited: Ossuary.

You collected 477 gold pieces.
You spent 54 gold pieces at shops.


Innate Abilities, Weirdness & Mutations

You can wield a second weapon in your off-hand.
It takes a long time for you to wield or remove held weapons.
Your first few attacks do less damage.
Your first movements take longer.


   Skills:
 - Level 2.0 Fighting
 + Level 12.0 Axes
 - Level 1.7 Throwing
 + Level 8.1 Armour
 - Level 2.6 Dodging


You had 9 spell levels left.
You didn't know any spells.
Your spell library contained the following spells:

 Spells                   Type           Power      Damage    Failure   Level
 Shock                    Conj/Air       0%         1d3       47%         1
 Swiftness                Air            0%         N/A       85%         3
 Airstrike                Air            0%         2d(0-16)  99%         4
 Vhi's Electric Charge    Tloc/Air       0%         N/A       99%         4
 Arcjolt                  Conj/Air       0%         1d10      100%        5
 Maxwell's Capacitive Co  Air            0%         ∞         100%        8

Inventory:

Hand Weapons
 a - a +1 war axe of freezing (weapon) {Ku-aya}
 l - a +1 heavy hand axe (worn) {Dagmar}
   (You took it off an orc on level 2 of the Dungeon)
Missiles
 d - 7 throwing nets (quivered)
 e - a javelin
Armour
 b - a +0 leather armour (worn)
 c - a +0 helmet (worn)
 o - a +2 pair of boots (worn)
   (You found it on level 2 of the Dungeon)
 s - a +1 cloak (worn)
   (You took it off Crazy Yiuf on level 2 of the Dungeon)
 C - a +2 pair of gloves (worn)
   (You found it on level 4 of the Dungeon)
Jewellery
 f - a ring of fire
   (You found it on level 1 of the Dungeon)
 g - a +6 ring of dexterity (left grasper)
   (You found it on level 1 of the Dungeon)
 i - a +4 ring of protection (right grasper)
   (You took it off an orc on level 2 of the Dungeon)
 k - a +5 ring of evasion
   (You found it on level 5 of the Dungeon)
 p - a ring of willpower
   (You took it off an orc on level 2 of the Dungeon)
 v - a ring of willpower
   (You found it on level 3 of the Dungeon)
 D - a ring of protection from fire
   (You found it on level 5 of the Dungeon)
 E - a ring of ice
   (You found it on level 6 of the Dungeon)
Wands
 t - a wand of roots (5)
   (You found it on level 3 of the Dungeon)
 B - a wand of digging (5)
   (You found it on level 4 of the Dungeon)
Scrolls
 m - 2 scrolls of noise
 q - 7 scrolls of teleportation
 x - a scroll of immolation
 A - a scroll of vulnerability
 F - a scroll of revelation
Potions
 h - 3 potions of attraction
 j - 2 potions of magic
 n - 4 potions of cancellation
 r - a potion of heal wounds {unknown}
 w - 5 potions of mutation
 z - 6 potions of curing
 G - a potion of degeneration {unknown}
 H - 3 potions of lignification {unknown}
 I - a potion of brilliance

Dungeon Overview and Level Annotations

Branches:
Dungeon (8/15) Zot: 26775  Temple (1/1) D:7 Zot: 5986    Lair (0/5) D:8
Ossuary (visited)

Altars:
Ashenzari
Cheibriados
Dithmenos
Elyvilon
Fedhas
Gozag
Hepliaklqana
Kikubaaqudgha
Makhleb
Nemelex Xobeh
Okawaru
Qazlal
Ru
Sif Muna
Vehumet
Wu Jian
Xom
Yredelemnul
Zin
The Shining One

Shops:
D:3 [

Annotations:
Temple 2 transporters

.#..P........##
...P..........#
.......>.......
...............
#.....c.....#
..≈.≈.≈≈
#.........#
#...≈... #
##...K.##
#.≈.≈._.
#.#.#K@#..#
#.≈.≈K..
#.#.....)...#
##.§K≈≈≈≈
#...._.#####
#..§KKKK.
......#.#
#..≈≈§≈§§
..#..##.#
#.......[ . ##.
#.# #.##..### .
#.# #.##...## .
#.# #........
.. #.#
####...##


You could see a centaur warrior, a kobold brigand and a kobold.


Message History

You resist with some effort.
The howler monkey completely misses you.
The kobold hits you but does no damage. The kobold barely misses you.
The kobold brigand hits you from afar with a +1 trident of protection!
The basilisk gazes at you.
The howler monkey hits you but does no damage.
The kobold hits you but does no damage. The kobold barely misses you.
The kobold brigand hits you but does no damage.
The basilisk bites you! The howler monkey hits you.
The kobold hits you but does no damage. x2
The kobold brigand hits you but does no damage.
The basilisk bites you but does no damage.
The howler monkey hoots and howls with incredible vigour!
You hear a bellow! x2
The kobold barely misses you. The kobold hits you but does no damage.
The howler monkey hits you.
The kobold brigand hits you but does no damage.
The basilisk gazes at you.
The howler monkey hits you but does no damage.
The kobold hits you with a +0 whip. The kobold hits you but does no damage.
The kobold brigand barely misses you. The basilisk gazes at you.
The howler monkey hoots and howls with incredible vigour!
The kobold hits you with a +0 whip. The kobold hits you but does no damage.
The kobold brigand hits you but does no damage.
The basilisk bites you but does no damage.
The howler monkey hits you.
The kobold hits you but does no damage. x2
The kobold brigand hits you but does no damage.
The basilisk bites you but does no damage.
You turn to flesh and can move again. 😮 HP[-11]
You take 11 damage, and now have 41/67 hp.
Unknown command.
Unknown command.
You slice the kobold with your +1 war axe of freezing!!
You freeze the kobold.
You kill the kobold!
You hit the howler monkey with your +1 war axe of freezing.
You freeze the howler monkey.
You closely miss the basilisk with your +1 war axe of freezing.
You slash the kobold with your +1 war axe of freezing!
You freeze the kobold.
You kill the kobold!
You hit the basilisk with your +1 heavy hand axe.
You slash the howler monkey with your +1 heavy hand axe!
You kill the howler monkey!
You feel sick. The kobold brigand misses you. The basilisk gazes at you.
You are slowing down.
You are too injured to fight recklessly!
You closely miss the kobold with your +1 war axe of freezing. x2
You slash the kobold with your +1 war axe of freezing!
You freeze the kobold.
You kill the kobold!
You slash the basilisk with your +1 war axe of freezing!
The basilisk seems to slow down.
You freeze the basilisk.
You kill the basilisk!
You closely miss the kobold with your +1 heavy hand axe.
You hit the kobold with your +1 heavy hand axe.
You kill the kobold!
A centaur warrior comes into view. It is wielding a +0 dagger.
The kobold brigand hits you from afar with a +1 trident of protection.
The kobold hits you but does no damage.
Your limbs are stiffening.
You feel sick.
You are no longer poisoned.
The centaur warrior unwields a +0 dagger.
The centaur warrior wields a +0 shortbow.
The centaur warrior shoots an arrow.
The arrow hits you! The kobold hits you but does no damage.
The kobold brigand hits you but does no damage.
The kobold brigand hits you with a +1 trident of protection.
The kobold hits you but does no damage.
The centaur warrior shoots an arrow.
The arrow hits you!
* * * LOW HITPOINT WARNING * * *
The kobold brigand barely misses you. The kobold hits you but does no damage.
The centaur warrior shoots an arrow.
The arrow hits you but does no damage.
You have turned to stone.
The centaur warrior shoots an arrow.
The arrow hits you!
* * * LOW HITPOINT WARNING * * *
The kobold brigand hits you but does no damage.
The kobold hits you but does no damage.
The centaur warrior shoots an arrow.
The arrow hits you!
* * * LOW HITPOINT WARNING * * *
The kobold brigand hits you but does no damage.
The kobold hits you but does no damage.
The centaur warrior shoots an arrow.
The arrow hits you.
* * * LOW HITPOINT WARNING * * *
The centaur warrior shoots an arrow.
The arrow hits you!!
* * * LOW HITPOINT WARNING * * *
The kobold brigand hits you with a +1 trident of protection!
* * * LOW HITPOINT WARNING * * *
The kobold hits you but does no damage.
The centaur warrior shoots an arrow.
The arrow hits you but does no damage.
The kobold brigand hits you but does no damage.
The kobold hits you but does no damage.
The centaur warrior shoots an arrow.
The arrow hits you!
* * * LOW HITPOINT WARNING * * *
The centaur warrior shoots an arrow.
The arrow hits you!
You die...

Skill      XL: |  1  2  3  4  5  6  7  8  9 10 |
---------------+-------------------------------+-----
Axes           | 4 5 7 8 10 11 12 | 12.0
Armour         | 2 5 7 8 |  8.1
Fighting       | |  2.0
Throwing       | |  1.7
Dodging        | |  2.6

Action                     |  1- 3 |  4- 6 |  7- 9 | 10-12 || total
---------------------------+-------+-------+-------+-------++-------
  Melee: War axe           |    53 |    58 |   193 |     9 ||   313
         Hand axe          |       |    32 |   192 |     8 ||   232
    Use: Potion            |     1 |     1 |     6 |       ||     8
         Scroll            |       |     2 |    14 |       ||    16
   Stab: Sleeping          |       |     1 |     6 |       ||     7
         Distracted        |       |     1 |       |       ||     1
 Armour: Leather armour    |    37 |    46 |   238 |    65 ||   386
  Dodge: Dodged            |    59 |    45 |   255 |    11 ||   370

Levels and vault maps discovered:
D:1:      shiori_arrival_elements, layout_loops_ring, st_stairs_2
D:2:      layout_basic, uniq_crazy_yiuf_cottage, uniq_jessica, uniq_sigmund
D:3:      layout_basic, serial_shops, shop,
          hellmonk_ecumenical_altar_crossroads, kennysheep_boxes
D:4:      layout_loops_cross, lightli_temple_of_fire,
          lemuel_coloured_pillars_altar, minivault_23
D:5:      layout_rooms, grunt_ministairs_10
D:6:      layout_loops_ring, nicolae_gozag_seed_capital,
          mainiacjoe_overflow_24_doors, minitemple,
          mainiacjoe_overflow_alcove_4, chequers_ossuary_entry_cave,
          minmay_misc_feat_roman, nicolae_letterblocks [nicolae_letter_subblock,
          nicolae_letter_subblock, nicolae_letter_subblock,
          nicolae_letter_subblock, nicolae_letter_subblock,
          nicolae_letter_subblock, nicolae_letter_subblock,
          nicolae_letter_subblock, nicolae_letter_subblock,
          nicolae_letter_subblock, nicolae_letter_subblock,
          nicolae_letter_subblock, nicolae_letter_subblock,
          nicolae_letter_subblock, nicolae_letter_subblock,
          nicolae_letter_subblock, nicolae_letter_subblock,
          nicolae_letter_subblock, nicolae_letter_subblock,
          nicolae_letter_subblock, nicolae_letter_subblock,
          nicolae_letter_subblock, nicolae_letter_subblock,
          nicolae_letter_subblock, nicolae_letter_subblock]
D:7:      layout_basic, minmay_temple_entry_grid
D:8:      layout_loops_ring, overflow_temple_1_default,
          mainiacjoe_overflow_concentric_impassable, david_lair_generic,
          nicolae_straight_to_the_point
Temple:   hellmonk_temple_divided_pantheon

Notes
Turn   | Place    | Note
-------+----------+-------------------------------------------
     0 | D:1      | ytrimaz the Coglin Gladiator began the quest for the Orb.
     0 | D:1      | Reached XP level 1. HP: 16/16 MP: 1/1
     0 | D:1      | magus.rc [v1.9.6]
    46 | D:1      | Reached XP level 2. HP: 22/22 MP: 2/2
   115 | D:1      | Reached skill level 4 in Axes
   149 | D:1      | Reached XP level 3. HP: 26/27 MP: 3/3
   817 | D:2      | Reached skill level 5 in Axes
   817 | D:2      | Reached XP level 4. HP: 23/33 MP: 4/4
   821 | D:2      | HP: 8/33 [orc/+0 club (3)]
   826 | D:2      | HP: 6/33 [adder (2)]
   829 | D:2      | Reached XP level 5. HP: 4/38 MP: 5/5
   830 | D:2      | HP: 2/38 [orc/+0 falchion (1)]
   926 | D:2      | Noticed Jessica
   936 | D:2      | Killed Jessica
  1207 | D:2      | Noticed Sigmund
  1216 | D:2      | HP: 9/38 [something/magic dart (7)]
  1217 | D:2      | Killed Sigmund
  1218 | D:2      | Reached skill level 7 in Axes
  1218 | D:2      | Reached XP level 6. HP: 11/44 MP: 6/6
  1341 | D:2      | Found a runed translucent door.
  1342 | D:2      | Noticed Crazy Yiuf
  1626 | D:2      | Killed Crazy Yiuf
  1804 | D:3      | Found Womiqou's Armour Shoppe.
  1824 | D:3      | Reached XP level 7. HP: 50/50 MP: 7/7
  1832 | D:3      | Bought a +0 pair of gloves for 54 gold pieces
  2045 | D:3      | Found a faded altar of an unknown god.
  2388 | D:4      | Reached skill level 8 in Axes
  2491 | D:4      | Found a snail-covered altar of Cheibriados.
  2997 | D:4      | Found a burning altar of Makhleb.
  3022 | D:5      | Entered Level 5 of the Dungeon
  3043 | D:5      | Reached skill level 2 in Armour
  3166 | D:5      | You pick up a book of Air and begin reading...
  3166 | D:5      | You add the spells Shock, Swiftness and Airstrike to your
                  | library.
  3283 | D:5      | Reached XP level 8. HP: 52/56 MP: 8/8
  3297 | D:5      | Reached skill level 9 in Axes
  3414 | D:5      | Reached skill level 3 in Armour
  3611 | D:5      | Reached skill level 4 in Armour
  4109 | D:6      | Found a sand-covered staircase.
  4116 | Ossuary  | Entered an ossuary
  4191 | Ossuary  | Reached skill level 10 in Axes
  4198 | Ossuary  | Reached skill level 5 in Armour
  4198 | Ossuary  | Reached XP level 9. HP: 61/61 MP: 9/9
  4217 | Ossuary  | Noticed a silent spectre
  4448 | D:6      | Found an opulent altar of Gozag.
  4647 | D:6      | Found a white marble altar of Elyvilon.
  4651 | D:6      | Found a sparkling altar of Nemelex Xobeh.
  4660 | D:6      | Found a shimmering altar of Xom.
  4660 | D:6      | Found a shimmering blue altar of Sif Muna.
  4776 | D:6      | Found a hazy altar of Hepliaklqana.
  4885 | D:6      | Found a sacrificial altar of Ru.
  4988 | D:6      | Reached skill level 6 in Armour
  5368 | D:7      | Reached skill level 11 in Axes
  5492 | D:7      | You add the spells Vhi's Electric Charge, Arcjolt and
                  | Maxwell's Capacitive Coupling to your library.
  5499 | D:7      | Found a staircase to the Ecumenical Temple.
  5511 | Temple   | Found a transporter.
  5511 | Temple   | Found a transporter.
  5511 | Temple   | Found a transporter.
  5511 | Temple   | Found a transporter.
  5511 | Temple   | Entered the Ecumenical Temple
  5922 | D:8      | Found a shadowy altar of Dithmenos.
  6065 | D:8      | Found a broken altar of Ashenzari.
  6071 | D:8      | Noticed an elephant
  6072 | D:8      | Found a staircase to the Lair.
  6072 | D:8      | Noticed a death yak
  6078 | D:8      | Killed an elephant
  6079 | D:8      | Reached skill level 7 in Armour
  6079 | D:8      | Reached XP level 10. HP: 67/67 MP: 10/10
  6084 | D:8      | Killed a death yak
  6086 | D:8      | Reached skill level 12 in Axes
  6086 | D:8      | Reached skill level 8 in Armour
  6095 | D:8      | Noticed a centaur warrior
  6099 | D:8      | HP: 12/67 [centaur warrior/arrow (9)]
  6100 | D:8      | HP: 4/67 [centaur warrior/arrow (4)]
  6101 | D:8      | Shot with an arrow by a centaur warrior

Vanquished Creatures
  A death yak (D:8)
  An elephant (D:8)
  Sigmund (D:2)
  A basilisk (D:8)
  A steam dragon (D:7)
  A sky beast (D:6)
  An ice beast (D:7)
  2 black bears
  An ogre (D:7)
  A centaur (D:6)
  2 phantoms (D:5)
  3 kobold brigands
  A bullfrog (D:7)
  A gnoll sergeant (D:5)
  A scorpion (D:6)
  4 wights
  5 killer bees (D:5)
  2 howler monkeys (D:8)
  5 centaur zombies (Ossuary)
  A bombardier beetle (D:7)
  A bullfrog zombie (Ossuary)
  2 hounds (D:5)
  4 jellies
  2 gnoll boudas
  A human zombie (Ossuary)
  3 orc priests
  Crazy Yiuf (D:2)
  Jessica (D:2)
  An iguana (D:6)
  5 orc wizards
  20 gnolls
  3 adders
  3 shadow imps
  2 white imps
  3 adder zombies (Ossuary)
  3 dart slugs
  23 orcs
  2 endoplasms
  4 giant cockroaches
  2 gnoll zombies (Ossuary)
  9 goblins
  12 hobgoblins
  2 jackals (D:4)
  28 kobolds
  3 quokkas
  7 ball pythons
  4 bats
  2 frilled lizards
  A goblin zombie (Ossuary)
  5 hobgoblin zombies (Ossuary)
  4 orc zombies (Ossuary)
  6 rats
205 creatures vanquished.

Table legend:
 A = Non-vault XP
 B = Vault XP
 C = Vault XP percentage of total XP
 D = Non-vault monster count
 E = Vault monster count
 F = Vault count percentage of total count
                 A         B        C        D         E       F
            +---------+---------+-------+---------+---------+-------
      Total |    3521 |    2554 |  42.0 |     169 |      36 |  17.6
            +---------+---------+-------+---------+---------+-------
        D:1 |      65 |       4 |   5.8 |      23 |       2 |   8.0
        D:2 |     236 |     294 |  55.5 |      25 |       3 |  10.7
        D:3 |      77 |       0 |   0.0 |      14 |       0 |   0.0
        D:4 |     133 |       0 |   0.0 |      23 |       0 |   0.0
        D:5 |     858 |     175 |  16.9 |      18 |       4 |  18.2
        D:6 |     984 |       0 |   0.0 |      30 |       0 |   0.0
        D:7 |     897 |       0 |   0.0 |      22 |       0 |   0.0
        D:8 |     271 |    1633 |  85.8 |      14 |       4 |  22.2
    Ossuary |       0 |     448 | 100.0 |       0 |      23 | 100.0
            +---------+---------+-------+---------+---------+-------

Skill      XL: |  1  2  3  4  5  6  7  8  9 10 |
---------------+-------------------------------+-----
Axes           | 4 5 7 8 10 11 12 | 12.0
Armour         | 2 5 7 8 |  8.1
Fighting       | |  2.0
Throwing       | |  1.7
Dodging        | |  2.6

Action                     |  1- 3 |  4- 6 |  7- 9 | 10-12 || total
---------------------------+-------+-------+-------+-------++-------
  Melee: War axe           |    53 |    58 |   193 |     9 ||   313
         Hand axe          |       |    32 |   192 |     8 ||   232
    Use: Potion            |     1 |     1 |     6 |       ||     8
         Scroll            |       |     2 |    14 |       ||    16
   Stab: Sleeping          |       |     1 |     6 |       ||     7
         Distracted        |       |     1 |       |       ||     1
 Armour: Leather armour    |    37 |    46 |   238 |    65 ||   386
  Dodge: Dodged            |    59 |    45 |   255 |    11 ||   370

Illustrated notes

Table legend:
 A = Kills in this place as a percentage of kills in the entire game.
 B = Kills by you in this place as a percentage of kills by you in the entire game.
 C = Kills by friends in this place as a percentage of kills by friends in the entire game.
 D = Other kills in this place as a percentage of other kills in the entire game.
 E = Experience gained in this place as a percentage of experience gained in the entire game.
 F = Experience gained in this place divided by the number of levels of this place that you have seen.
                   A       B       C       D       E      F
               +-------+-------+-------+-------+-------+----------------------
         Total | 100.0 | 100.0 |   N/A |   N/A | 100.0 | 607.5
       Dungeon |  88.8 |  88.8 |   N/A |   N/A |  92.6 | 703.4
       Ossuary |  11.2 |  11.2 |   N/A |   N/A |   7.4 | 448.0
               +-------+-------+-------+-------+-------+----------------------

Table legend: (Time is in decaauts)
 A = Elapsed time spent in this place.
 B = Non-inter-level travel time spent in this place.
 C = Inter-level travel time spent in this place.
 D = Time resting spent in this place.
 E = Time spent auto-exploring this place.
 F = Levels seen in this place.
 G = Mean time per level.
                   A        B        C        D        E       F      G
               +--------+--------+--------+--------+--------+-----+--------+
         Total |   6460 |   6297 |    163 |    369 |   4461 |  10 |  646.0 |
       Dungeon |   6260 |   6103 |    157 |    369 |   4459 |   8 |  782.5 |
        Temple |     13 |      7 |      6 |      0 |      0 |   1 |   13.0 |
       Ossuary |    186 |    186 |      0 |      0 |      2 |   1 |  186.0 |
               +--------+--------+--------+--------+--------+-----+--------+

Top non-repeatable levels by time:
     D:6: 1121 daAuts
     D:5: 970 daAuts
     D:2: 895 daAuts
     D:1: 855 daAuts
     D:4: 810 daAuts
     D:7: 761 daAuts
     D:3: 622 daAuts
     D:8: 223 daAuts
 Ossuary: 186 daAuts
  Temple: 13 daAuts
